 Dungeon Crawl Stone Soup version 0.24-a0-507-g3e8b242632 (console) character file.

Game seed: 10258869442231149248

42 uchuhikoshi the Ruffian (level 3, -2/33 HPs)
             Began as a Ghoul Monk on July 19, 2019.
             Slain by a gnoll
             ... wielding a +0 halberd
              (10 damage)
             ... on level 2 of the Dungeon.
             The game lasted 00:06:40 (989 turns).

uchuhikoshi the Ruffian (Ghoul Monk)                 Turns: 989, Time: 00:06:40

Health: -2/33      AC:  2    Str: 15    XL:     3   Next: 56%
Magic:  2/2        EV: 13    Int:  5    God:
Gold:   48         SH:  0    Dex: 11    Spells: 2/2 levels left

rFire    . . .     SeeInvis .     - Unarmed
rCold    + . .     Gourm    .   (no shield)
rNeg     + + +     Faith    .   a - +0 robe
rPois    ∞         Spirit   .   (no helmet)
rElec    .         Reflect  .   (no cloak)
rCorr    .         Harm     .   (no gloves)
MR       .....                  (no boots)
Stlth    ++........             (no amulet)
HPRegen  0.00/turn              (no ring)
MPRegen  0.08/turn              (no ring)

@: rotting
A: rotting body, claws 1, carnivore, cold resistance 1, negative energy
resistance 3, inhibited regeneration, torment resistance, unbreathing
a: no special abilities


You were on level 2 of the Dungeon.
You were not hungry.

You visited 1 branch of the dungeon, and saw 2 of its levels.

You collected 48 gold pieces.

Inventory:

Armour
 a - a +0 robe (worn)
Scrolls
 c - a scroll of identify {unknown}
 f - a scroll of teleportation {unknown}
 i - a scroll of enchant weapon {unknown}
Potions
 d - a potion of degeneration {unknown}
 e - a potion of magic {unknown}
 g - a potion of might {unknown}
 h - a potion of lignification {unknown}
 j - a potion of heal wounds {unknown}
Comestibles
 b - 2 rations


   Skills:
 + Level 3.7 Fighting
 + Level 3.0 Dodging
 + Level 2.4 Stealth
 + Level 4.0 Unarmed Combat


You had 2 spell levels left.
You didn't know any spells.
Your spell library was empty.

Dungeon Overview and Level Annotations

Branches:
Dungeon (2/15)

Altars:


Innate Abilities, Weirdness & Mutations

Your body is rotting away.
You thrive on raw meat.
You are immune to poison.
You have sharp fingernails.
You are carnivorous and can eat meat at any time.
Your flesh is cold resistant. (rC+)
You are immune to negative energy. (rN+++)
You do not regenerate when monsters are visible.
You are immune to unholy pain and torment.
You can survive without breathing.


Message History

You scratch the gnoll but do no damage. The gnoll barely misses you.
You scratch the gnoll.
The gnoll is heavily wounded.
The gnoll hits you.
You scratch the gnoll.
The gnoll is almost dead.
You closely miss the gnoll.
The gnoll is almost dead.
The gnoll barely misses you.
You scratch the gnoll.
You kill the gnoll!
Your Unarmed Combat skill increases to level 4!
The gnoll hits you from afar with a +0 halberd!
Ouch! That really hurt!
* * * LOW HITPOINT WARNING * * *
The gnoll completely misses you.
Eat a chunk of flesh? (ye/n/q)
You eat the chunk of flesh.
This raw flesh tastes great!
The gnoll hits you from afar with a +0 halberd!
You die...

##### ###
##>..## #...
##.....##
#[.##.......#
#..g........#
g>....##@......#
##### ##.)....##
#.#.....#
##.#.).##
##<#.## #..##.#
#.#.# #.# ..##..
#.# ..# ##. ##


You could see a gnoll.

Vanquished Creatures
  2 gnolls
  5 hobgoblins
  2 jackals (D:1)
  A quokka (D:2)
  3 bats (D:1)
  A frilled lizard (D:1)
  2 goblins (D:1)
  6 kobolds (D:1)
22 creatures vanquished.

Notes
Turn   | Place    | Note
-------+----------+-------------------------------------------
     0 | D:1      | uchuhikoshi the Ghoul Monk began the quest for the Orb.
     0 | D:1      | Reached XP level 1. HP: 19/19 MP: 0/0
   178 | D:1      | Reached XP level 2. HP: 24/26 MP: 1/1
   614 | D:1      | Reached XP level 3. HP: 31/32 MP: 2/2
   986 | D:2      | Reached skill level 4 in Unarmed Combat
   989 | D:2      | Slain by a gnoll

Levels and vault maps discovered:
D:1:      dpeg_arrival_rhombi, layout_loops_ring, minmay_split_cup_large
D:2:      layout_loops_cross, minmay_3d_cube, uniq_natasha

Skill      XL: |  1  2  3 |
---------------+----------+-----
Dodging        | 3 |  3.0
Unarmed Combat | 4 |  4.0
Fighting       | |  3.7
Stealth        | |  2.4

Action                   || total
-------------------------++-------
Melee: Unarmed           ||    70
 Stab: Sleeping          ||     1
  Eat: Chunk             ||    12
Armor: Robe              ||    13
Dodge: Dodged            ||    55

Table legend:
 A = Non-vault XP
 B = Vault XP
 C = Vault XP percentage of total XP
 D = Non-vault monster count
 E = Vault monster count
 F = Vault count percentage of total count
                 A         B        C        D         E       F
            +---------+---------+-------+---------+---------+-------
      Total |      41 |      20 |  32.8 |      18 |       4 |  18.2
            +---------+---------+-------+---------+---------+-------
        D:1 |      21 |      20 |  48.8 |      14 |       4 |  22.2
        D:2 |      20 |       0 |   0.0 |       4 |       0 |   0.0
            +---------+---------+-------+---------+---------+-------
